 Dungeon Crawl Stone Soup version 0.29-a0-317-gd16b76e6b1 (webtiles) character file.

Game seed: 981643193845283377

6587 Colgate the Carver (level 11, -23/104 HPs)
             Began as a Naga Artificer on Mar 31, 2022.
             Was a Priest of Qazlal.
             Annihilated by a two-headed ogre
             ... wielding a +0 giant club
              (29 damage)
             ... on level 8 of the Dungeon.
             The game lasted 00:43:30 (12480 turns).

Colgate the Carver (Naga Artificer)                Turns: 12480, Time: 00:43:31

Health: -23/104    AC:  7    Str: 20    XL:     11   Next: 2%
Magic:  19/23      EV: 10    Int: 11    God:    Qazlal [***...]
Gold:   92         SH:  4    Dex: 14    Spells: 10/10 levels left

rFire   . . .      SeeInvis +   g - +5 great sword
rCold   . . .      Faith    .   (shield currently unavailable)
rNeg    . . .      Spirit   .   H - +0 leather armour "Otwa" {rElec Will- Str+3 Slay+5}
rPois   +          Reflect  .   L - +2 hat {Will+}
rElec   +          Harm     .   f - scarf {shadows}
rCorr   +          Rampage  .   (no gloves)
Will    +....                   (no barding)
Stlth   ++........              (no amulet)
HPRegen 0.27/turn               a - ring of magical power
MPRegen 0.18/turn               z - ring of resist corrosion

@: studying Dodging, very slow
A: AC +3, large, see invisible, deformed body, poison resistance, slowness 2,
spit poison 1, naga tail 1
a: Spit Poison, Renounce Religion, Upheaval, Elemental Force


You were on level 8 of the Dungeon.
You worshipped Qazlal.
Qazlal was most pleased with you.
You visited 2 branches of the dungeon, and saw 10 of its levels.
You also visited: Sewer.

You collected 598 gold pieces.
You spent 506 gold pieces at shops.

Inventory:

Hand Weapons
 g - a +5 great sword (weapon)
Missiles
 D - a throwing net {!f}
Armour
 f - a scarf of shadows (worn)
 H - the +0 leather armour "Otwa" (worn) {rElec Will- Str+3 Slay+5}
   (You found it on level 6 of the Dungeon)

   Str:       It affects your strength (+3).
   Slay:      It affects your accuracy & damage with ranged weapons and melee
   (+5).
   rElec:     It insulates you from electricity.
   Will:      It decreases your willpower.
 L - a +2 hat of willpower (worn)
Jewellery
 a - a ring of magical power (left hand)
 r - a ring of ice
 z - a ring of resist corrosion (right hand)
 J - a ring of ice
Wands
 c - a wand of flame (17)
 d - a wand of charming (14)
 e - a wand of iceblast (24) {@v2}
Scrolls
 h - 6 scrolls of teleportation {@r3}
 j - 5 scrolls of fear
 l - 4 scrolls of blinking {@r4}
 o - 2 scrolls of amnesia {unknown}
 u - 3 scrolls of magic mapping {@r5}
 w - 3 scrolls of summoning
 x - 3 scrolls of fog {unknown}
 y - 2 scrolls of enchant weapon {unknown}
 A - 2 scrolls of vulnerability {unknown}
 B - 2 scrolls of immolation {unknown}
Potions
 b - 4 potions of curing {@q1}
 k - 6 potions of degeneration
 m - a potion of mutation
 n - 2 potions of magic
 q - 3 potions of might {@q3}
 s - a potion of brilliance
 t - 3 potions of haste {@q4}
 v - 2 potions of heal wounds {@q2}
 C - a potion of resistance {@q5}
 F - 3 potions of flight
 G - a potion of cancellation
 I - a potion of attraction {unknown}
 K - a potion of ambrosia {unknown}


   Skills:
 + Level 8.7 Fighting
 - Level 12.0 Long Blades
 - Level 2.1 Armour
 - Level 3.2 Dodging
 - Level 4.0 Stealth
 - Level 5.1 Invocations
 - Level 3.0 Evocations


You had 10 spell levels left.
You didn't know any spells.
Your spell library contained the following spells:

 Spells                   Type           Power      Damage    Failure   Level
 Animate Skeleton         Necr           0%         N/A       38%         1
 Pain                     Necr           0%         1d4       38%         1
 Shock                    Conj/Air       0%         1d3       38%         1
 Blink                    Tloc           0%         N/A       52%         2
 Gell's Gravitas          Tloc           0%         N/A       77%         3
 Lesser Beckoning         Tloc           0%         N/A       77%         3
 Swiftness                Air            0%         N/A       77%         3
 Teleport Other           Tloc           0%         N/A       77%         3
 Vampiric Draining        Necr           0%         2d6       77%         3
 Airstrike                Air            0%         N/A       99%         4
 Manifold Assault         Tloc           0%         N/A       100%        5
 Storm Form               Tmut/Air       0%         N/A       100%        7


Dungeon Overview and Level Annotations

Branches:
Dungeon (9/15)             Temple (1/1) D:4           Sewer (visited)
   Lair: D:8-11         Orc: D:9-12

Altars:
Ashenzari
Dithmenos
Elyvilon
Fedhas
Hepliaklqana
Kikubaaqudgha
Nemelex Xobeh
Okawaru
Qazlal
Ru
Sif Muna
Trog
Xom
Yredelemnul
Zin
The Shining One

Shops:
D:2 ?   D:4 :


Innate Abilities, Weirdness & Mutations

Your serpentine skin is tough. (AC +3)
You have supernaturally acute eyesight. (SInv)
Armour fits poorly on your strangely shaped body.
Your system is resistant to poisons. (rPois)
You cover ground very slowly.
You can spit poison.
You have a snake-like lower body.


Message History

The vampire mosquito draws strength from your injuries!
A cyan ugly thing comes into view.
A kobold comes into view. It is wielding a +0 whip.
The kobold brigand hits you with a +0 dagger.
The centaur warrior wields a +0 shortbow.
The centaur warrior shoots an arrow.
The arrow hits you!!
The vampire mosquito completely misses you.
A centaur warrior comes into view.
The centaur warrior wields a +0 shortbow.
The centaur warrior shoots an arrow.
The arrow hits you.
You completely miss the vampire mosquito.
You hear a shout!
The vampire mosquito barely misses you.
The centaur warrior shoots an arrow.
The arrow hits you!! The kobold brigand barely misses you.
The vampire mosquito bites you.
The vampire mosquito draws strength from your injuries!
The centaur warrior shoots an arrow.
The arrow hits you!!
* * * LOW HITPOINT WARNING * * *
The centaur warrior shoots an arrow.
The arrow hits you!
* * * LOW HITPOINT WARNING * * *
The kobold brigand hits you but does no damage.
You feel much better.
Your surroundings suddenly seem different.
A two-headed ogre and 3 yaks come into view.
Found 10 gold pieces, a robe and a wand of iceblast (7).
Found a stone staircase leading up.
The yak bellows! x3
A yak comes into view.
You hear a bellow!
There is a stone staircase leading up here.
The two-headed ogre closely misses you. x2
You climb upwards.
There is a stone staircase leading down here.
You barely miss the two-headed ogre. You slash the two-headed ogre!
The two-headed ogre is engulfed in freezing vapours.
The two-headed ogre hits you with a +0 giant club!!
* * * LOW HITPOINT WARNING * * *
The two-headed ogre hits you with a +0 giant club!!
You die...

.........##.....##.).........##
........####....##############
.......## ##...# .....###
###...# ...### ###.....# .###
###.......# ## ##.........#
###.........O##
##............@#
##..............##
#...........<....#
##..............##
###....:....#### ###########


You could see a two-headed ogre.

Vanquished Creatures
  A centaur warrior (D:8)
  Prince Ribbit (D:5)
  A hornet (D:8)
  A wyvern (D:8)
  4 yaks (D:8)
  Menkaure (D:4)
  6 steam dragons (D:8)
  2 water moccasins
  Duvessa (D:4)
  4 orc warriors
  An ice beast (D:4)
  2 sky beasts (D:8)
  3 black bears
  2 centaurs (D:8)
  A phantom (D:5)
  4 kobold brigands (D:8)
  3 bullfrogs
  2 necrophages (D:8)
  12 wights
  A scorpion (D:5)
  Dowan (D:4)
  6 killer bees (D:7)
  3 howler monkeys (D:8)
  4 orc priests
  2 jellies
  A gnoll shaman (D:7)
  2 hounds
  An iguana (D:5)
  5 orc wizards
  8 gnolls
  11 adders
  8 river rats (Sewer)
  2 shadow imps
  A white imp (D:8)
  2 ufetubi
  3 worms
  2 dart slugs
  31 orcs
  13 ball pythons
  5 endoplasms
  7 giant cockroaches
  8 goblins
  A hobgoblin (D:1)
  6 jackals
  7 quokkas
  13 bats
  4 frilled lizards
  9 kobolds
  2 rats (D:1)
221 creatures vanquished.

Vanquished Creatures (others)
  An adder (D:4)
1 creature vanquished.

Grand Total: 222 creatures vanquished

Notes
Turn   | Place    | Note
-------+----------+-------------------------------------------
     0 | D:1      | Colgate the Naga Artificer began the quest for the Orb.
     0 | D:1      | Reached XP level 1. HP: 18/18 MP: 1/1
   349 | D:1      | Reached XP level 2. HP: 21/25 MP: 2/2
   839 | D:1      | Reached XP level 3. HP: 31/31 MP: 3/3
   960 | D:1      | Found a faded altar of an unknown god.
   968 | D:1      | Prayed at the altar of an unknown god.
   968 | D:1      | Became a worshipper of Qazlal Stormbringer
   968 | D:1      | Reached * piety under Qazlal
  1570 | D:2      | Found Cod Ruse's Magic Scroll Boutique.
  1708 | D:2      | Reached skill level 1 in Invocations
  2016 | D:3      | Reached XP level 4. HP: 40/40 MP: 4/4
  2776 | D:3      | Found a white marble altar of Elyvilon.
  2776 | D:3      | Found a glowing golden altar of the Shining One.
  2776 | D:3      | Found a glowing silver altar of Zin.
  2972 | D:4      | Found Eribrede's Book Emporium.
  3103 | D:4      | Reached ** piety under Qazlal
  3247 | D:4      | Found a staircase to the Ecumenical Temple.
  3263 | D:4      | Reached XP level 5. HP: 21/50 MP: 5/5
  3446 | D:4      | Noticed Menkaure
  3465 | D:4      | Killed Menkaure
  3466 | D:4      | Reached skill level 5 in Fighting
  3466 | D:4      | Reached XP level 6. HP: 61/61 MP: 6/6
  3471 | D:4      | Reached skill level 1 in Long Blades
  3489 | D:4      | Reached skill level 2 in Long Blades
  3494 | D:4      | Reached skill level 3 in Long Blades
  3501 | D:4      | Reached XP level 7. HP: 10/66 MP: 7/7
  3795 | D:4      | Noticed Dowan
  3798 | D:4      | Noticed Duvessa
  3804 | D:4      | Reached skill level 4 in Long Blades
  3812 | D:4      | Killed Duvessa
  3813 | D:4      | Reached skill level 5 in Long Blades
  3818 | D:4      | Killed Dowan
  4377 | Temple   | Entered the Ecumenical Temple
  4474 | D:5      | Entered Level 5 of the Dungeon
  4508 | D:5      | Reached skill level 6 in Long Blades
  4508 | D:5      | Reached XP level 8. HP: 71/74 MP: 8/8
  4689 | D:2      | Bought 2 scrolls of blinking for 195 gold pieces
  4891 | D:5      | Reached skill level 7 in Long Blades
  4939 | D:5      | Noticed Prince Ribbit
  5058 | D:5      | Killed Prince Ribbit
  5059 | D:5      | Reached skill level 8 in Long Blades
  5832 | D:6      | Reached XP level 9. HP: 81/81 MP: 12/12
  5849 | D:6      | Reached skill level 5 in Invocations
  5861 | D:6      | Reached skill level 1 in Dodging
  6120 | D:6      | Found a glowing drain.
  6130 | Sewer    | Entered a sewer
  7421 | D:6      | Identified the +0 leather armour "Otwa" {rElec Will- Str+3
                  | Slay+5}
  7445 | D:6      | Reached skill level 9 in Long Blades
  7957 | D:7      | Reached *** piety under Qazlal
  8298 | D:7      | Reached skill level 10 in Long Blades
  9425 | D:8      | Reached skill level 11 in Long Blades
  9485 | D:8      | Reached XP level 10. HP: 81/88 MP: 13/13
  9700 | D:8      | HP: 2/88 [something/ball of steam (4)]
 10125 | D:8      | Reached skill level 12 in Long Blades
 10819 | D:8      | Noticed a centaur warrior
 10826 | D:8      | Killed a centaur warrior
 11407 | D:8      | Reached XP level 11. HP: 31/104 MP: 14/14
 12243 | D:2      | Bought a scroll of teleportation for 39 gold pieces
 12243 | D:2      | Bought a scroll of noise for 13 gold pieces
 12243 | D:2      | Bought a scroll of teleportation for 39 gold pieces
 12243 | D:2      | Bought a scroll of enchant armour for 97 gold pieces
 12243 | D:2      | Bought a scroll of summoning for 123 gold pieces
 12415 | D:9      | Identified 3 scrolls of acquirement
 12415 | D:9      | Acquired a manual of Dodging
 12417 | D:9      | Acquired a +1 hat of willpower
 12419 | D:9      | Acquired a scarf of shadows
 12461 | D:9      | Noticed a two-headed ogre
 12466 | D:9      | Noticed a tengu warrior
 12469 | D:9      | Noticed a centaur warrior
 12469 | D:9      | Noticed a centaur warrior
 12471 | D:9      | Noticed a cyan ugly thing
 12471 | D:9      | Noticed a centaur warrior
 12472 | D:9      | HP: 3/104 [centaur warrior/arrow (8)]
 12473 | D:9      | Noticed a two-headed ogre
 12480 | D:8      | Annihilated by a two-headed ogre

Illustrated notes

Levels and vault maps discovered:
D:1:      evilmike_arrival_hilbert_curve, layout_basic,
          chequers_ecumenical_altar_island, chequers_garden, st_stairs_3
D:2:      layout_basic, serial_shops, shop, minivault_4
D:3:      layout_basic, dreamdust_divine_triumvirate
D:4:      layout_loops_ring, minmay_temple_entry_slanted, serial_shops,
          nicolae_shop_statue_plus, uniq_menkaure, uniq_duvessa
D:5:      layout_loops_ring, uniq_prince_ribbit1
D:6:      layout_cave_pools, cheibrodos_sewer_entry_bend
D:7:      layout_cave_pods
D:8:      minmay_the_grid_octo_tiled_squarecenter
          [minmay_the_grid_octo_odd_swirl, minmay_the_grid_octo_chip,
          minmay_the_grid_octo_clover_2, minmay_the_grid_octo_fan_narrow,
          minmay_the_grid_square_5x5_megaprize_hollow,
          minmay_the_grid_square_5x5_dogpile,
          minmay_the_grid_square_5x5_fancy_junction,
          minmay_the_grid_square_5x5_minibox,
          minmay_the_grid_square_5x5_corner], layout_cave_pods
D:9:      layout_rooms, grunt_temple_overflow_cloverleaf, minivault_28
Temple:   cyrus_circular_temple

Skill      XL: |  1  2  3  4  5  6  7  8  9 10 |
---------------+-------------------------------+-----
Stealth        | 3 4 |  4.0
Fighting       | 2 4 5 8 |  8.7
Invocations    | 1 4 5 |  5.1
Long Blades    | 3 6 8 11 12 | 12.0
Dodging        | 1 3 |  3.2
Armour         | 2 |  2.1
Evocations     | |  3.0

Action                   |  1- 3 |  4- 6 |  7- 9 | 10-12 || total
-------------------------+-------+-------+-------+-------++-------
Melee: Unarmed           |     7 |       |       |       ||     7
       Dagger            |    16 |       |       |       ||    16
       Club              |     1 |       |       |       ||     1
       Quarterstaff      |     9 |    22 |       |       ||    31
       Great sword       |       |    14 |   216 |    87 ||   317
Invok: Upheaval          |       |     1 |     2 |     6 ||     9
 Abil: Spit Poison       |    54 |    20 |    64 |    32 ||   170
Evoke: Wand              |       |    10 |    22 |     1 ||    33
  Use: Scroll            |       |       |     7 |    12 ||    19
       Potion            |       |       |     3 |     1 ||     4
Armor: Leather armour    |     9 |    13 |   123 |    23 ||   168
Dodge: Dodged            |    25 |    18 |   129 |    46 ||   218
Block: Other             |       |     5 |    45 |    11 ||    61

Table legend: (Time is in decaauts)
 A = Elapsed time spent in this place.
 B = Non-inter-level travel time spent in this place.
 C = Inter-level travel time spent in this place.
 D = Time resting spent in this place.
 E = Time spent auto-exploring this place.
 F = Levels seen in this place.
 G = Mean time per level.
                   A        B        C        D        E       F      G
               +--------+--------+--------+--------+--------+-----+--------+
         Total |  15807 |  14761 |   1046 |    556 |  11706 |  11 | 1437.0 |
       Dungeon |  13902 |  12869 |   1033 |    550 |  10397 |   9 | 1544.7 |
        Temple |     70 |     58 |     12 |      0 |     49 |   1 |   70.0 |
         Sewer |   1835 |   1835 |      0 |      6 |   1259 |   1 | 1835.0 |
               +--------+--------+--------+--------+--------+-----+--------+

Top non-repeatable levels by time:
     D:8: 3200 daAuts
     D:7: 1908 daAuts
     D:4: 1876 daAuts
   Sewer: 1835 daAuts
     D:1: 1711 daAuts
     D:5: 1540 daAuts
     D:3: 1403 daAuts
     D:6: 1205 daAuts
     D:2: 981 daAuts
     D:9: 72 daAuts
  Temple: 70 daAuts
